 Dungeon Crawl Stone Soup version 0.27.1-33-g824d729ab1 (webtiles) character file.

Game seed: 2200282134106686194

791 taylordye the Skirmisher (level 7, -7/61 HPs)
             Began as a Hill Orc Fighter on Dec 22, 2021.
             Splashed by a jelly's acid (9 damage)
             ... on level 6 of the Dungeon.
             The game lasted 00:16:49 (5484 turns).

taylordye the Skirmisher (Hill Orc Fighter)         Turns: 5484, Time: 00:16:50

Health: -7/61      AC: 10    Str: 21    XL:     7   Next: 88%
Magic:  7/7        EV:  8    Int:  8    God:
Gold:   168        SH: 10    Dex: 13    Spells: 6/6 levels left

rFire    . . .     SeeInvis .   d - +3 morningstar of Fate {drain, Dex+3}
rCold    . . .     Faith    .   c - +0 kite shield
rNeg     . . .     Spirit   .   e - +0 scale mail
rPois    .         Reflect  .   (no helmet)
rElec    .         Harm     .   a - scarf {repulsion}
rCorr    .         Rampage  .   n - +0 pair of gloves
Will     .....                  f - +1 pair of boots
Stlth    ..........             (no amulet)
HPRegen  0.20/turn              g - ring of wizardry
MPRegen  0.10/turn              (no ring)

@: repel missiles
A: no striking features
a: no special abilities


You were on level 6 of the Dungeon.
You visited 1 branch of the dungeon, and saw 6 of its levels.

You collected 223 gold pieces.
You spent 55 gold pieces at shops.

Inventory:

Hand Weapons
 d - the +3 morningstar of Fate (weapon) {drain, Dex+3}
   (You acquired it on level 4 of the Dungeon)

   A truly terrible weapon, it drains the life of any living foe it strikes.
   Dex:       It affects your dexterity (+3).
Armour
 a - a scarf of repulsion (worn)
 c - a +0 kite shield (worn)
 e - a +0 scale mail (worn)
 f - a +1 pair of boots (worn)
 n - a +0 pair of gloves (worn)
Jewellery
 g - a ring of wizardry (left hand)
Wands
 h - a wand of polymorph (4)
 j - a wand of digging (7)
Scrolls
 l - a scroll of teleportation
 m - a scroll of identify
 o - a scroll of immolation {unknown}
Potions
 b - a potion of haste
 i - 2 potions of heal wounds
 k - a potion of resistance


   Skills:
 + Level 5.4 Fighting
 + Level 5.1(5.8) Axes
 + Level 3.3(4.3) Maces & Flails
 + Level 5.3 Armour
 + Level 1.3 Dodging
 + Level 0.8 Stealth
 + Level 5.2 Shields
 + Level 1.5 Unarmed Combat


You had 6 spell levels left.
You didn't know any spells.
Your spell library contained the following spells:

 Spells                   Type           Power      Damage    Failure   Level
 Animate Skeleton         Necr           0%         N/A       80%         1
 Apportation              Tloc           0%         N/A       80%         1
 Corona                   Hex            0%         N/A       80%         1
 Summon Small Mammal      Summ           0%         N/A       80%         1
 Static Discharge         Conj/Air       0%         N/A       90%         2
 Lightning Bolt           Conj/Air       0%         1d11      100%        5
 Maxwell's Capacitive Co  Air            0%         ∞         100%        8


Dungeon Overview and Level Annotations

Branches:
Dungeon (6/15)
 Temple: D:4-7

Altars:
Qazlal

Shops:
D:2 !   D:4 :

Annotations:
D:3 3 runed translucent doors, LynnLen's ghost, novice FoFi


Message History

The jelly quivers.
You sock the bullfrog! You drain the bullfrog.
The bullfrog is almost dead.
You block the bullfrog's attack. You block the hound's attack.
The gnoll hits you with a +0 whip.
* * * LOW HITPOINT WARNING * * *
The sky beast flickers out of sight!
Deactivating autopickup; reactivate with Ctrl-A.
Something hits you but does no damage.
The bullfrog hits you but does no damage.
The hound bites you.
* * * LOW HITPOINT WARNING * * *
You block the gnoll's attack. Something hits you but does no damage.
The bullfrog misses you.
You puncture the bullfrog!
You kill the bullfrog!
You block the hound's attack.
The jelly jiggles.
You block the gnoll's attack.
The hound pauses to sniff the ground.
The hound closely misses you. Something hits you but does no damage.
The hound bites you but does no damage. The jelly hits you but does no damage.
The gnoll closely misses you. Something hits you.
* * * LOW HITPOINT WARNING * * *
Something shocks you.
* * * LOW HITPOINT WARNING * * *
The hound bites you.
* * * LOW HITPOINT WARNING * * *
There is a stone staircase leading up, spattered with blood here.
The jelly hits you but does no damage. You block the hound's attack.
A sky beast appears from thin air!
Reactivating autopickup.
The sky beast hits you but does no damage.
The jelly closely misses you. You block the hound's attack.
You hit the hound. You drain the hound.
The hound is heavily wounded.
You block the hound's attack. The jelly hits you.
* * * LOW HITPOINT WARNING * * *
You are splashed with acid!
You die...

### #.. #.#####
. #.....#
...####)....#
.......g....#
...###JhY...##.
+>..@.......
#.#.#####.#.
...#. # .... ..
.....#. .....#.
.. ## #..


You could see a sky beast, a hound (drained), a jelly and a gnoll.

Vanquished Creatures
  A bullfrog (D:6)
  A scorpion (D:5)
  A howler monkey (D:5)
  2 bullfrog zombies
  A centaur skeleton (D:4)
  A bullfrog skeleton (D:5)
  An orc priest (D:5)
  A gnoll shaman (D:4)
  2 hounds (D:5)
  Ijyb (D:3)
  Jessica (D:3)
  2 iguanas (D:5)
  2 hound skeletons (D:4)
  11 gnolls
  3 adders
  An adder skeleton (D:4)
  2 worms (D:3)
  2 dart slugs
  19 orcs
  5 ball pythons
  5 bats
  10 endoplasms
  A giant cockroach (D:1)
  6 goblins
  5 hobgoblins
  13 jackals (D:5)
  5 quokkas
  2 frilled lizards (D:2)
  4 kobolds
  A rat (D:2)
112 creatures vanquished.

Vanquished Creatures (others)
  A plant (D:1)
1 creature vanquished.

Grand Total: 113 creatures vanquished

Notes
Turn   | Place    | Note
-------+----------+-------------------------------------------
     0 | D:1      | taylordye the Hill Orc Fighter began the quest for the Orb.
     0 | D:1      | Reached XP level 1. HP: 19/19 MP: 1/1
    63 | D:1      | Found a faded altar of an unknown god.
   155 | D:1      | Reached XP level 2. HP: 27/27 MP: 2/2
   710 | D:2      | Reached XP level 3. HP: 29/33 MP: 3/3
  1307 | D:2      | Found Misah's Distillery.
  1315 | D:2      | Bought a potion of heal wounds for 55 gold pieces
  1442 | D:3      | Reached XP level 4. HP: 31/40 MP: 4/4
  1714 | D:3      | Found a stormy altar of Qazlal.
  1727 | D:3      | Noticed Jessica
  1731 | D:3      | Killed Jessica
  1895 | D:3      | Noticed LynnLen's ghost (novice FoFi)
  1896 | D:3      | Noticed an ice beast
  1906 | D:3      | Found a runed translucent gate.
  1906 | D:3      | Found a runed translucent gate.
  1906 | D:3      | Found a runed translucent gate.
  2456 | D:3      | Reached XP level 5. HP: 47/47 MP: 5/5
  2834 | D:3      | Noticed Ijyb
  2843 | D:3      | Killed Ijyb
  2844 | D:3      | Reached skill level 1 in Unarmed Combat
  3654 | D:4      | Reached XP level 6. HP: 46/53 MP: 6/6
  4116 | D:4      | Found Cevoq's Book Shoppe.
  4164 | D:4      | Identified a scroll of acquirement
  4164 | D:4      | Acquired the +3 morningstar of Fate {drain, Dex+3}
  4198 | D:4      | Reached skill level 5 in Axes
  4437 | D:5      | Entered Level 5 of the Dungeon
  4467 | D:5      | Reached skill level 1 in Dodging
  4471 | D:5      | Reached skill level 1 in Maces & Flails
  4494 | D:5      | Reached XP level 7. HP: 55/60 MP: 7/7
  4671 | D:5      | Reached skill level 5 in Armour
  5092 | D:5      | Reached skill level 5 in Fighting
  5092 | D:5      | Reached skill level 5 in Shields
  5481 | D:6      | HP: 3/61 [hound (1)]
  5484 | D:6      | Splashed by a jelly's acid

Illustrated notes

Levels and vault maps discovered:
D:1:      kennysheep_arrival_forest, layout_rooms,
          shapermc_ecumenical_altar_mp_ritualfount
D:2:      layout_basic, serial_shops, nicolae_shop_trees, corexii_shack
D:3:      layout_loops_corners, nicolae_qazlal_scattered_showers,
          gammafunk_ghost_split, hex_large, minivault_24, uniq_ijyb,
          uniq_jessica
D:4:      layout_loops_ring, serial_shops, shop, kennysheep_small_spiral
D:5:      lemuel_castle_with_subvaults [lemuel_castle_interior_carwin_1],
          layout_basic
D:6:      layout_basic, serial_shops, nicolae_shop_crystal,
          chequers_serial_rivers_small_3, nicolae_wooded_promenade,
          kennysheep_dice

Skill      XL: |  1  2  3  4  5  6  7 |
---------------+----------------------+-----
Axes           | 3 4 5 |  5.1
Fighting       | 4 5 |  5.4
Shields        | 4 5 |  5.2
Armour         | 4 5 |  5.3
Unarmed Combat | 1 |  1.5
Dodging        | 1 |  1.3
Maces & Flails | 1 3 |  3.3
Stealth        | |  0.8

Action                   |  1- 3 |  4- 6 |  7- 9 || total
-------------------------+-------+-------+-------++-------
Melee: War axe           |    91 |   124 |       ||   215
       Unarmed           |       |     6 |       ||     6
       Morningstar       |       |    27 |    96 ||   123
  Use: Potion            |     5 |     2 |     1 ||     8
       Scroll            |     2 |     3 |     1 ||     6
Armor: Scale mail        |    50 |    87 |    72 ||   209
       Skin              |       |     1 |       ||     1
Dodge: Dodged            |    25 |    59 |    48 ||   132
Block: Kite shield       |    55 |    88 |    88 ||   231
